 Dungeon Crawl Stone Soup version 0.24.0-125-gc4c63601f3 (webtiles) character file.

Game seed: 11962087389133812167, levelgen mode: deterministic

8656 Chiseanne the Ducker (level 11, -6/81 HPs)
             Began as a Gnoll Wanderer on Feb 18, 2020.
             Was an Initiate of Gozag.
             Mangled by a hornet (7 damage)
             ... on level 10 of the Dungeon on Feb 21, 2020.
             The game lasted 00:43:00 (15751 turns).

Chiseanne the Ducker (Gnoll Wanderer)              Turns: 15751, Time: 00:43:00

Health: -6/81      AC:  9    Str: 16    XL:     11   Next: 34%
Magic:  27/30      EV: 15    Int: 21    God:    Gozag
Gold:   224        SH:  6    Dex: 11    Spells: 14/23 levels left

rFire    + + .     SeeInvis +   a - +1 short sword (venom)
rCold    . . .     Gourm    .   h - +1 buckler
rNeg     + . .     Faith    .   k - +1 leather armour of the Greedy {rN+} (curse)
rPois    .         Spirit   .   n - +0 helmet
rElec    .         Reflect  .   (no cloak)
rCorr    .         Harm     .   (no gloves)
MR       .....                  (no boots)
Stlth    +++.......             (no amulet)
HPRegen  0.23/turn              A - ring "Macreysch" {rF++ MP+9 Str+3 Dex-2 SInv}
MPRegen  0.22/turn              i - +3 ring of protection

@: lethally poisoned (-6 -> -21), slowed, very slow
A: distributed training, fangs 1, strong nose
a: Potion Petition, Call Merchant, Bribe Branch, Renounce Religion


You were on level 10 of the Dungeon.
You worshipped Gozag.
Gozag was aware of your devotion.
You were not hungry.

You visited 2 branches of the dungeon, and saw 11 of its levels.
You also visited: Sewer.

You collected 1459 gold pieces.
You spent 709 gold pieces at shops.
You paid 526 gold pieces to Gozag.

Inventory:

Hand Weapons
 a - a +1 short sword of venom (weapon)
 e - a +2 hunting sling of freezing
 s - a +2 scimitar of flaming
 y - a +2 battleaxe of electrocution
Missiles
 b - 305 stones
 g - 114 sling bullets
 l - 16 poisoned darts
 o - 69 bolts
 p - 122 arrows
 t - 4 boomerangs (quivered)
Armour
 h - a +1 buckler (worn)
 k - the cursed +1 leather armour of the Greedy (worn) {rN+}
   (You found it on level 4 of the Dungeon)

   It protects you from negative energy.
   It has a curse placed upon it.
 n - a +0 helmet (worn)
Magical Staves
 j - an uncursed staff of conjuration
Jewellery
 i - a +3 ring of protection (right hand)
 A - the ring "Macreysch" (left hand) {rF++ MP+9 Str+3 Dex-2 SInv}
   (You bought it in a shop on level 8 of the Dungeon)

   [ring of strength]

   It affects your strength (+3).
   It affects your dexterity (-2).
   It greatly protects you from fire.
   It affects your magic capacity (+9).
   It lets you see invisible.
 C - an uncursed ring of protection from cold
Wands
 r - a wand of digging (8)
 u - a wand of acid (9)
 B - a wand of enslavement (7)
Scrolls
 v - 3 scrolls of remove curse
 w - 3 scrolls of magic mapping
 x - a scroll of teleportation
Potions
 c - 7 potions of curing
 d - 2 potions of resistance
 m - a potion of haste
 q - a potion of lignification {unknown}
Comestibles
 f - 13 rations


   Skills:
 + Level 6.1 Fighting
 + Level 6.1 Short Blades
 + Level 6.1 Long Blades
 + Level 6.1 Axes
 + Level 6.1 Maces & Flails
 + Level 6.7 Polearms
 + Level 6.1 Staves
 + Level 6.1 Slings
 + Level 6.1 Bows
 + Level 6.1 Crossbows
 + Level 6.7 Throwing
 + Level 6.1 Armour
 + Level 7.7 Dodging
 + Level 7.5 Stealth
 + Level 6.7 Shields
 + Level 6.1 Unarmed Combat
 + Level 6.8 Spellcasting
 + Level 5.0 Conjurations
 + Level 5.0 Hexes
 + Level 5.0 Charms
 + Level 5.0 Summonings
 + Level 5.0 Necromancy
 + Level 5.5 Translocations
 + Level 5.0 Transmutations
 + Level 5.5 Fire Magic
 + Level 5.0 Ice Magic
 + Level 5.0 Air Magic
 + Level 5.0 Earth Magic
 + Level 5.0 Poison Magic
 + Level 6.7 Invocations
 + Level 6.1 Evocations


You had 14 spell levels left.
You knew the following spells:

 Your Spells              Type           Power        Failure   Level  Hunger
a - Magic Dart            Conj           ####         1%          1    None
b - Blink                 Tloc           N/A          1%          2    None
c - Conjure Flame         Conj/Fire      ####....     3%          3    #......
d - Mephitic Cloud        Conj/Pois/Air  ####....     4%          3    #......

Your spell library contained the following spells:

 Spells                   Type           Power        Failure   Level  Hunger
 Animate Skeleton         Necr           N/A          1%          1    None
 Confusing Touch          Hex            ####..       1%          1    None
 Pain                     Necr           ####         1%          1    None
 Call Imp                 Summ           ####....     1%          2    None
 Slow                     Hex            ####....     1%          2    None
 Gell's Gravitas          Tloc           ####......   3%          3    #......
 Confuse                  Hex            ####....     4%          3    #......
 Regeneration             Chrm/Necr      ####......   4%          3    #......
 Vampiric Draining        Necr           ####......   4%          3    #......
 Animate Dead             Necr           N/A          13%         4    ###....
 Petrify                  Tmut/Erth      ####....     13%         4    ###....
 Metabolic Englaciation   Hex/Ice        ####......   36%         5    #####..
 Yara's Violent Unravell  Hex/Tmut       ####......   36%         5    #####..


Dungeon Overview and Level Annotations

Branches:
Dungeon (10/15)            Temple (1/1) D:5            Lair (0/6) D:8
  Sewer (visited)
    Orc: D:9-12

Altars:
Ashenzari
Cheibriados
Dithmenos
Elyvilon
Fedhas
Gozag
Hepliaklqana
Kikubaaqudgha
Makhleb
Nemelex Xobeh
Okawaru
Qazlal
Ru
Sif Muna
Trog
Uskayaw
Vehumet
Wu Jian
Xom
Yredelemnul
Zin
The Shining One

Shops:
D:7 [   D:8 =

Annotations:
D:3 Grinder


Innate Abilities, Weirdness & Mutations

Your experience applies equally to all skills.
You have very sharp teeth.
Your uncanny sense of smell can sniff out nearby items.


Message History

You block the hornet's attack.
You feel sick. The hornet stings you.
* * * LOW HITPOINT WARNING * * *
You feel as though you will be slow longer.
The hornet stings you but does no damage.
You feel sick. The hornet stings you.
* * * LOW HITPOINT WARNING * * *
You feel as though you will be slow longer.
You feel better. The hornet stings you!
* * * LOW HITPOINT WARNING * * *
You are poisoned.
You feel as though you will be slow longer.
The hornet barely misses you.
You feel sick. The hornet stings you.
* * * LOW HITPOINT WARNING * * *
You are more poisoned.
You feel as though you will be slow longer.
The hornet stings you!
You die...
Your body crumbles into a pile of gold.

........##..#####.##..
..................... $
.....)..###......### .# #.
<................## .##..
#.
######..####..##..###.#.$.
#. ##.# #..###.....>... #.
#.# ##..#.......... . #.#
#......##...### # #. #.#
#.##..@yc.(## #. #. ..
#.###...# #.## #. ..#
#.##.(..# #... ..
#.......# ####...##.
.......#..### .....#....
>...##c#.Y.# ..........
... ........ .......#.. .
∆.#.###..... #.[.. ....
...... ##...


You could see a hornet and a centaur.

Vanquished Creatures
  Erica (D:9)
  A two-headed ogre (D:8)
  Pikel (D:7)
  An elephant (D:8)
  A queen bee (D:9)
  2 hippogriffs (D:8)
  Sigmund (D:2)
  2 wyverns
  A basilisk (D:8)
  2 hungry ghosts
  4 orc warriors
  3 slaves (D:7)
  2 ice beasts
  A sky beast (D:6)
  3 phantoms
  An eye of draining (D:9)
  7 ogres
  2 centaurs
  3 crocodiles
  A big kobold (D:9)
  6 bullfrogs
  6 scorpions
  A wyvern skeleton (D:9)
  16 killer bees (D:9)
  3 howler monkeys (D:9)
  8 crimson imps
  A centaur zombie (D:6)
  2 bullfrog zombies
  2 jellies
  A centaur skeleton (D:9)
  7 orc priests
  6 hounds
  10 orc wizards
  Ijyb (D:5)
  5 iguanas
  6 worker ants
  2 hound zombies
  Robin (D:2)
  A river rat (D:5)
  8 adders
  4 shadow imps
  4 worms
  A dart slug (D:1)
  5 leopard geckos
  36 orcs
  13 bats
  6 giant cockroaches
  18 goblins
  10 hobgoblins
  5 jackals
  A quokka (D:6)
  6 frilled lizards
  8 kobolds
  A leopard gecko skeleton (D:4)
  2 quokka skeletons
  4 rats
257 creatures vanquished.

Notes
Turn   | Place    | Note
-------+----------+-------------------------------------------
     0 | D:1      | Chiseanne the Gnoll Wanderer began the quest for the Orb.
     0 | D:1      | Chiseanne set off with the following items: a +0 falchion,
                  | a potion of curing, a +0 robe, a +0 dagger, a ration; and
                  | the following spell memorised: Magic Dart; and the
                  | following spells available to memorise: Blink, Call Imp,
                  | Slow, Conjure Flame, Mephitic Cloud
     0 | D:1      | Reached XP level 1. HP: 13/13 MP: 4/4
   279 | D:1      | Reached XP level 2. HP: 16/19 MP: 0/5
  1104 | D:1      | Reached XP level 3. HP: 25/25 MP: 7/7
  1843 | D:2      | Noticed Sigmund
  2147 | D:2      | Reached skill level 1 in Invocations
  2161 | D:2      | Killed Sigmund
  2161 | D:2      | Reached skill level 1 in Fighting
  2161 | D:2      | Reached skill level 1 in Short Blades
  2161 | D:2      | Reached skill level 1 in Long Blades
  2161 | D:2      | Reached skill level 1 in Axes
  2161 | D:2      | Reached skill level 1 in Maces & Flails
  2161 | D:2      | Reached skill level 1 in Staves
  2161 | D:2      | Reached skill level 1 in Slings
  2161 | D:2      | Reached skill level 1 in Bows
  2161 | D:2      | Reached skill level 1 in Crossbows
  2161 | D:2      | Reached skill level 1 in Armour
  2161 | D:2      | Reached skill level 1 in Unarmed Combat
  2161 | D:2      | Reached skill level 1 in Conjurations
  2161 | D:2      | Reached skill level 1 in Hexes
  2161 | D:2      | Reached skill level 1 in Charms
  2161 | D:2      | Reached skill level 1 in Summonings
  2161 | D:2      | Reached skill level 1 in Necromancy
  2161 | D:2      | Reached skill level 1 in Transmutations
  2161 | D:2      | Reached skill level 1 in Ice Magic
  2161 | D:2      | Reached skill level 1 in Air Magic
  2161 | D:2      | Reached skill level 1 in Earth Magic
  2161 | D:2      | Reached skill level 1 in Poison Magic
  2161 | D:2      | Reached skill level 1 in Evocations
  2161 | D:2      | Reached XP level 4. HP: 12/32 MP: 5/8
  2161 | D:2      | Reached XP level 5. HP: 14/37 MP: 5/9
  2979 | D:2      | Noticed Robin
  3325 | D:3      | Reached XP level 6. HP: 44/44 MP: 10/10
  3564 | D:2      | Killed Robin
  3746 | D:3      | Noticed Grinder
  4592 | D:4      | Reached skill level 5 in Dodging
  4830 | D:4      | Found a sacrificial altar of Ru.
  4924 | D:4      | Reached XP level 7. HP: 49/50 MP: 12/12
  5333 | D:4      | Learned a level 2 spell: Blink
  5337 | D:4      | Learned a level 3 spell: Conjure Flame
  5341 | D:4      | Learned a level 3 spell: Mephitic Cloud
  5781 | D:4      | Reached skill level 5 in Stealth
  5819 | D:4      | Got a transparent leather armour
  5877 | D:4      | Noticed a wyvern
  5881 | D:4      | Killed a wyvern
  5881 | D:4      | Reached XP level 8. HP: 47/57 MP: 10/14
  6387 | D:4      | Identified the cursed +1 leather armour of the Greedy {rN+}
                  | (You found it on level 4 of the Dungeon)
  6434 | D:5      | Entered Level 5 of the Dungeon
  6539 | D:5      | Found a staircase to the Ecumenical Temple.
  6545 | Temple   | Entered the Ecumenical Temple
  6650 | Temple   | Became a worshipper of Gozag Ym Sagoz the Greedy
  7109 | D:5      | Found a glowing drain.
  7117 | Sewer    | Entered a sewer
  7712 | D:5      | Noticed Ijyb
  7725 | D:5      | Killed Ijyb
  7971 | D:6      | Found a hide-covered altar of Uskayaw.
  8436 | D:6      | Reached XP level 9. HP: 23/65 MP: 7/16
  9178 | D:6      | Reached skill level 5 in Spellcasting
  9435 | D:7      | Reached skill level 5 in Polearms
  9435 | D:7      | Reached skill level 5 in Throwing
  9435 | D:7      | Reached skill level 5 in Shields
  9538 | D:7      | Found Duduir's Armour Shoppe.
 10050 | D:7      | Noticed Pikel
 10065 | D:7      | Killed Pikel
 10065 | D:7      | Reached skill level 5 in Invocations
 10660 | D:7      | Reached XP level 10. HP: 65/73 MP: 11/18
 11355 | D:8      | Noticed a two-headed ogre
 11373 | D:8      | Killed a two-headed ogre
 11373 | D:8      | Reached skill level 5 in Fighting
 11373 | D:8      | Reached skill level 5 in Short Blades
 11373 | D:8      | Reached skill level 5 in Long Blades
 11373 | D:8      | Reached skill level 5 in Axes
 11373 | D:8      | Reached skill level 5 in Maces & Flails
 11373 | D:8      | Reached skill level 5 in Staves
 11373 | D:8      | Reached skill level 5 in Slings
 11373 | D:8      | Reached skill level 5 in Bows
 11373 | D:8      | Reached skill level 5 in Crossbows
 11373 | D:8      | Reached skill level 5 in Armour
 11373 | D:8      | Reached skill level 5 in Unarmed Combat
 11373 | D:8      | Reached skill level 5 in Evocations
 11612 | D:8      | Noticed an elephant
 12421 | D:9      | Noticed Erica
 12452 | D:9      | Killed Erica
 12452 | D:9      | Reached skill level 5 in Translocations
 12452 | D:9      | Reached skill level 5 in Fire Magic
 12833 | D:10     | Entered Level 10 of the Dungeon
 13427 | D:9      | Reached XP level 11. HP: 63/81 MP: 14/20
 15172 | D:8      | Reached skill level 5 in Conjurations
 15172 | D:8      | Reached skill level 5 in Hexes
 15172 | D:8      | Reached skill level 5 in Charms
 15172 | D:8      | Reached skill level 5 in Summonings
 15172 | D:8      | Reached skill level 5 in Necromancy
 15172 | D:8      | Reached skill level 5 in Transmutations
 15172 | D:8      | Reached skill level 5 in Ice Magic
 15172 | D:8      | Reached skill level 5 in Air Magic
 15172 | D:8      | Reached skill level 5 in Earth Magic
 15172 | D:8      | Reached skill level 5 in Poison Magic
 15297 | D:8      | Found a staircase to the Lair.
 15305 | D:8      | Bought the ring "Macreysch" {rF++ MP+9 Str+3 Dex-2 SInv}
                  | for 709 gold pieces
 15751 | D:10     | HP: 1/81 [hornet (6)]
 15751 | D:10     | Mangled by a hornet

Levels and vault maps discovered:
D:1:      minmay_arrival_stair_chambers, layout_loops_corners
D:2:      layout_loops_cross, uniq_robin, uniq_sigmund
D:3:      layout_loops_cross, kennysheep_cluttered_room, uniq_grinder
D:4:      layout_gridville, first_ration, nicolae_ru_great_annihilating_truth
D:5:      layout_basic, minmay_temple_entry_wispy, gup_sewer_entry_bubbles,
          hex_medium, interstate_on_off, kennysheep_another_room, uniq_ijyb
D:6:      layout_gridville, nicolae_overflow_crystal_walls
D:7:      layout_gridville, serial_shops, shop, uniq_pikel
D:8:      layout_basic, david_lair_generic
D:9:      layout_basic, david_nohive_1, uniq_erica
D:10:     layout_rooms
Temple:   kilobyte_greek_temple

Skill      XL: |  1  2  3  4  5  6  7  8  9 10 11 |
---------------+----------------------------------+-----
Translocations | 2 3 4 5 |  5.5
Fire Magic     | 2 3 4 5 |  5.5
Invocations    | 1 2 3 4 5 6 |  6.7
Fighting       | 1 2 3 4 5 6 |  6.1
Short Blades   | 1 2 3 4 5 6 |  6.1
Long Blades    | 1 2 3 4 5 6 |  6.1
Axes           | 1 2 3 4 5 6 |  6.1
Maces & Flails | 1 2 3 4 5 6 |  6.1
Polearms       | 3 4 5 6 |  6.7
Staves         | 1 2 3 4 5 6 |  6.1
Slings         | 1 2 3 4 5 6 |  6.1
Bows           | 1 2 3 4 5 6 |  6.1
Crossbows      | 1 2 3 4 5 6 |  6.1
Throwing       | 3 4 5 6 |  6.7
Armour         | 1 2 3 4 5 6 |  6.1
Shields        | 3 4 5 6 |  6.7
Unarmed Combat | 1 2 3 4 5 6 |  6.1
Spellcasting   | 3 4 5 6 |  6.8
Conjurations   | 1 2 3 4 5 |  5.0
Hexes          | 1 2 3 4 5 |  5.0
Charms         | 1 2 3 4 5 |  5.0
Summonings     | 1 2 3 4 5 |  5.0
Necromancy     | 1 2 3 4 5 |  5.0
Transmutations | 1 2 3 4 5 |  5.0
Ice Magic      | 1 2 3 4 5 |  5.0
Air Magic      | 1 2 3 4 5 |  5.0
Earth Magic    | 1 2 3 4 5 |  5.0
Poison Magic   | 1 2 3 4 5 |  5.0
Evocations     | 1 2 3 4 5 6 |  6.1
Dodging        | 5 6 7 |  7.7
Stealth        | 5 6 7 |  7.5

Action                   |  1- 3 |  4- 6 |  7- 9 | 10-12 || total
-------------------------+-------+-------+-------+-------++-------
Melee: Falchion          |    58 |    66 |       |       ||   124
       Bite              |     5 |    11 |    26 |    41 ||    83
       Short sword       |       |    35 |   288 |   311 ||   634
       Battleaxe         |       |       |     7 |       ||     7
Throw: Boomerang         |       |       |     2 |     3 ||     5
 Cast: Magic Dart        |    50 |    86 |   192 |   210 ||   538
       Mephitic Cloud    |       |       |     8 |    16 ||    24
       Blink             |       |       |     1 |    13 ||    14
       Conjure Flame     |       |       |     4 |    11 ||    15
Invok: Call Merchant     |       |       |       |     1 ||     1
Evoke: Wand              |       |     1 |     9 |     3 ||    13
  Use: Scroll            |     1 |     4 |     7 |     5 ||    17
       Potion            |     1 |       |       |     5 ||     6
 Stab: Sleeping          |     3 |     2 |     6 |     4 ||    15
       Confused          |       |     3 |     7 |     2 ||    12
       Paralysed         |       |     1 |       |       ||     1
       Distracted        |       |       |       |     2 ||     2
  Eat: Chunk             |     4 |     9 |     5 |       ||    18
       Ration            |       |       |     4 |     6 ||    10
Armor: Robe              |    15 |    13 |       |       ||    28
       Leather armour    |       |       |    41 |    52 ||    93
Dodge: Dodged            |    52 |    77 |   147 |   193 ||   469
Block: Buckler           |     6 |    24 |    56 |    73 ||   159
       Rpst.: Falchion   |    16 |    22 |       |       ||    38
